cohdb
Replays
Latest Replays
All Replays
Popular Replays
Top Player Replays
Match Explorer
How It Works
Community
CoH3 Stats
Reddit
Sign in to upload your games and track your stats! →
Sign in with Steam
Match 42656808
Unlisted
Match 42656808
Overview
Messages
Build Orders
End
Kradschützen Motorcycle Team
Panzergrenadier Squad
250 Light Carrier
Panzergrenadier Squad
Construct Light Support Kompanie
2.5-tonne Medical Truck
MG34 Team
Selects Armored Support Battlegroup
Selects Armored Support Battlegroup
Selects Salvage Kits
Panzerjäger Mechanized Group
Fire Support Elements
Veteran Squad Leaders
Construct Panzerarmee Kommand
Selects Panzer Storm
Walking Stuka Rocket Launcher
Panzer III L Medium Tank
Vehicle Survival Package
Tungsten Core Ammunition
Brother
MyVirtualChess
0
0
Comments
sign in to comment!
No comments posted yet!